 Dungeon Crawl Stone Soup version 0.21.0 (webtiles) character file.

6892 Gaball the Spear-Bearer (level 11, -5/90 HPs)
             Began as a Merfolk Gladiator on Jan 7, 2018.
             Was a Priest of Qazlal.
             Slain by a cyan ugly thing (17 damage)
             ... on level 9 of the Dungeon.
             The game lasted 00:24:28 (10064 turns).

Gaball the Spear-Bearer (Merfolk Gladiator)        Turns: 10064, Time: 00:24:30

Health: -5/90      AC:  6    Str: 16    XL:     11   Next: 6%
Magic:  8/14       EV: 21    Int:  8    God:    Qazlal [***...]
Gold:   92         SH:  4    Dex: 17    Spells: 10/10 levels left

rFire    . . .     SeeInvis .   a - +0 trident
rCold    . . .     Gourm    .   (no shield)
rNeg     . . .     Faith    +   (no armour)
rPois    .         Spirit   .   c - +0 helmet
rElec    .         Reflect  .   G - +0 cloak
rCorr    .         Harm     .   E - +0 pair of gloves
MR       .....                  I - +2 pair of boots
Stlth    +.........             q - amulet of faith
HPRegen  0.25/turn              (no ring)
MPRegen  0.14/turn              (no ring)

@: no status effects
A: change form in water, swift swim, stealthy swim
a: Upheaval, Elemental Force, Renounce Religion


You were on level 9 of the Dungeon.
You worshipped Qazlal.
Qazlal was most pleased with you.
You were not hungry.

You visited 1 branch of the dungeon, and saw 10 of its levels.

You collected 570 gold pieces.
You spent 478 gold pieces at shops.

Inventory:

Hand Weapons
 a - a +0 trident (weapon)
Missiles
 i - 6 javelins
 n - a throwing net (quivered)
 t - 3 exploding tomahawks
Armour
 b - a +0 leather armour
 c - a +0 helmet (worn)
 m - a +0 chain mail
 C - a +0 pair of boots
 D - a +0 troll leather armour
 E - a +0 pair of gloves (worn)
 G - a +0 cloak (worn)
 I - a +2 pair of boots (worn)
 M - the +5 ring mail of Utro {+Fly rPois Str+3, unknown}
   (You bought it in a shop on level 10 of the Dungeon)

   It affects your strength (+3).
   It protects you from poison.
   It lets you fly.
 N - a cursed +0 pair of gloves
Jewellery
 q - an amulet of faith (around neck)
 y - an uncursed ring of magical power
 J - an uncursed ring of flight
Wands
 p - a wand of flame (29)
 F - a wand of random effects (36)
Scrolls
 g - 4 scrolls of magic mapping
 j - 2 scrolls of enchant weapon
 l - 7 scrolls of remove curse
 o - 3 scrolls of fog
 x - 2 scrolls of teleportation {unknown}
 A - a scroll of vulnerability {unknown}
 B - a scroll of random uselessness {unknown}
 H - a scroll of identify
 L - a scroll of amnesia {unknown}
Potions
 d - 2 potions of magic {unknown}
 e - 3 potions of flight
 h - a potion of mutation {unknown}
 k - 3 potions of might {unknown}
 r - 3 potions of brilliance {unknown}
 s - 2 potions of heal wounds {unknown}
 u - a potion of ambrosia {unknown}
 v - a potion of berserk rage {unknown}
 w - a potion of degeneration {unknown}
 z - 2 potions of curing {unknown}
 K - a potion of haste {unknown}
Comestibles
 f - 12 rations


   Skills:
 + Level 10.1 Fighting
 - Level 14.2 Polearms
 - Level 2.0 Throwing
 + Level 11.5 Dodging
 + Level 4.8 Invocations


You had 10 spell levels left.
You didn't know any spells.

Dungeon Overview and Level Annotations

Branches:
Dungeon (10/15)            Temple (0/1) D:6
   Lair: D:8-11         Orc: D:9-12

Altars:
Cheibriados
Dithmenos
Fedhas
Gozag
Nemelex Xobeh
Okawaru
Qazlal
Ru
Sif Muna
Wu Jian
Xom
Yredelemnul
The Shining One

Shops:
D:8 [   D:10 [

Annotations:
D:3 Grinder


Message History

There is an open door here.
The cyan ugly thing headbutts you! The cyan ugly thing shocks you!
Okay, then.
Okay, then.
Evoke which item? (* to show all) (? for menu, Esc to quit)
Okay, then.
Okay, then.
You can't see any clouds you can empower.
The cyan ugly thing headbutts you! The cyan ugly thing shocks you!
* * * LOW HITPOINT WARNING * * *
Okay, then.
You see here a killer bee corpse.
You see here a giant club.
Clouds arounds you coalesce and take form!
The storm surrounding you is now too weak to repel missiles.
You no longer adapt resistances upon receiving elemental damage.
The cyan ugly thing headbutts you!
* * * LOW HITPOINT WARNING * * *
The cyan ugly thing shocks you!
You die...

.#### #####'### #........#
.# #.# #........# ## #.#
##...##### ###.# ####...###
###...# #........# ##
#...### #.).>)...# .# #.###
#.E......# .# #.#
######ยง.......#
.######.####...u@........#
.'...........####........#
.######.###### #........#
## #..# #####.#### #.##
#....# #.# ####.#
##'######### #.# #
###..........## #)#
###.'...........########'##


You could see a cyan ugly thing and a friendly fire elemental.

Vanquished Creatures
  Erica (D:8)
  3 two-headed ogres
  A troll (D:8)
  A merfolk (D:9)
  A hornet (D:9)
  2 hippogriffs
  A hungry ghost (D:7)
  An orc warrior (D:7)
  2 ice beasts
  5 ogres
  7 centaurs
  Blork the orc (D:5)
  A big kobold (D:9)
  A killer bee (D:9)
  3 scorpions
  5 wights (D:9)
  A howler monkey (D:6)
  2 crimson imps
  6 hounds
  A jelly (D:9)
  5 orc priests
  Crazy Yiuf (D:6)
  7 orc wizards
  A bullfrog skeleton (D:7)
  A centaur skeleton (D:6)
  3 iguanas (D:9)
  13 worker ants
  A hound zombie (D:9)
  3 hound skeletons
  11 adders
  4 gnolls (D:5)
  3 shadow imps
  An ooze (D:1)
  2 adder skeletons
  A dart slug (D:2)
  9 leopard geckos
  40 orcs
  A ball python (D:3)
  3 giant cockroaches
  10 goblins
  9 hobgoblins
  11 jackals
  4 quokkas
  6 bats
  6 frilled lizards
  A jackal skeleton (D:3)
  A jackal zombie (D:5)
  13 kobolds
  A quokka zombie (D:9)
  10 rats
228 creatures vanquished.

Notes
Turn   | Place    | Note
-------+----------+-------------------------------------------
     0 | D:1      | Gaball the Merfolk Gladiator began the quest for the Orb.
     0 | D:1      | Reached XP level 1. HP: 16/16 MP: 1/1
    65 | D:1      | Reached skill level 5 in Polearms
    67 | D:1      | Reached XP level 2. HP: 19/22 MP: 2/2
   420 | D:1      | Reached skill level 6 in Polearms
   420 | D:1      | Reached XP level 3. HP: 26/27 MP: 3/3
   891 | D:2      | Found a glowing golden altar of the Shining One.
  1216 | D:2      | Reached XP level 4. HP: 33/33 MP: 4/4
  1280 | D:2      | Reached skill level 7 in Polearms
  2163 | D:3      | Reached skill level 8 in Polearms
  2169 | D:3      | Reached XP level 5. HP: 32/38 MP: 5/5
  2513 | D:3      | Noticed Grinder
  2637 | D:3      | Reached skill level 9 in Polearms
  2709 | D:3      | Found a blossoming altar of Fedhas.
  2890 | D:3      | Found an iron altar of Okawaru.
  3248 | D:4      | Reached XP level 6. HP: 27/44 MP: 6/6
  3390 | D:4      | Got a jewelled short sword
  3392 | D:4      | Found a stormy altar of Qazlal.
  3393 | D:4      | Identified the cursed +0 short sword of Gin and Tonic {venom, Fragile Int+4 Dex+3} (You found it on level 4 of the Dungeon)
  3619 | D:4      | Became a worshipper of Qazlal Stormbringer
  3677 | D:4      | Reached skill level 10 in Polearms
  4492 | D:4      | Reached XP level 7. HP: 44/50 MP: 7/7
  4561 | D:4      | Reached skill level 11 in Polearms
  4625 | D:5      | Entered Level 5 of the Dungeon
  4645 | D:5      | Reached * piety under Qazlal
  5165 | D:5      | Noticed Blork the orc
  5180 | D:5      | Killed Blork the orc
  5180 | D:5      | Reached skill level 12 in Polearms
  5269 | D:5      | Reached XP level 8. HP: 55/60 MP: 8/8
  6005 | D:6      | Reached ** piety under Qazlal
  6005 | D:6      | Reached skill level 5 in Fighting
  6005 | D:6      | Reached skill level 5 in Dodging
  6200 | D:6      | Found a shadowy altar of Dithmenos.
  6449 | D:6      | Found a basalt altar of Yredelemnul.
  6611 | D:6      | Found a sparkling altar of Nemelex Xobeh.
  6644 | D:6      | Found a staircase to the Ecumenical Temple.
  6719 | D:6      | Found a runed door.
  6819 | D:6      | Noticed Crazy Yiuf
  6821 | D:6      | Killed Crazy Yiuf
  6919 | D:7      | Reached skill level 13 in Polearms
  6949 | D:7      | Found an ornate altar of the Wu Jian Council.
  7041 | D:7      | Reached XP level 9. HP: 69/69 MP: 9/9
  7045 | D:7      | Found a sacrificial altar of Ru.
  7269 | D:7      | Found a snail-covered altar of Cheibriados.
  7388 | D:8      | Found Qegabune's Armour Boutique.
  7510 | D:8      | Noticed a two-headed ogre
  7937 | D:8      | Noticed a two-headed ogre
  7939 | D:8      | Noticed Erica
  7959 | D:8      | Killed Erica
  7959 | D:8      | Reached skill level 14 in Polearms
  7963 | D:8      | Killed a two-headed ogre
  7963 | D:8      | Reached XP level 10. HP: 51/82 MP: 10/10
  8170 | D:8      | Reached *** piety under Qazlal
  8209 | D:8      | Reached skill level 10 in Dodging
  8230 | D:8      | Found an opulent altar of Gozag.
  8328 | D:8      | Killed a two-headed ogre
  8381 | D:8      | Found a shimmering altar of Xom.
  9251 | D:9      | Reached **** piety under Qazlal
  9270 | D:9      | Found a deep blue altar of Sif Muna.
  9847 | D:10     | Entered Level 10 of the Dungeon
  9877 | D:10     | Noticed a two-headed ogre
  9891 | D:9      | Killed a two-headed ogre
  9891 | D:9      | Reached skill level 10 in Fighting
  9891 | D:9      | Reached XP level 11. HP: 64/90 MP: 12/14
  9990 | D:10     | Found Ecoacvos's Antique Armour Shoppe.
  9995 | D:10     | Bought a smoking ring mail for 261 gold pieces
  9995 | D:10     | Bought a pair of glowing gloves for 217 gold pieces
 10009 | D:10     | Noticed a cyan ugly thing
 10064 | D:9      | Slain by a cyan ugly thing

Skill      XL: |  1  2  3  4  5  6  7  8  9 10 |
---------------+-------------------------------+-----
Polearms       | 5 6 8 9 10 12 13 14 | 14.2
Fighting       | 4 5 8 10 | 10.1
Dodging        | 6 9 11 | 11.5
Invocations    | 4 |  4.8
Throwing       | |  2.0

Action                   |  1- 3 |  4- 6 |  7- 9 | 10-12 || total
-------------------------+-------+-------+-------+-------++-------
Melee: Trident           |   143 |   330 |   380 |   316 ||  1169
Throw: Throwing net      |       |       |     5 |       ||     5
       Javelin           |       |       |     2 |     4 ||     6
Invok: Elemental Force   |       |       |       |     1 ||     1
Evoke: Wand              |       |       |     8 |     5 ||    13
  Use: Scroll            |       |     6 |       |     5 ||    11
       Potion            |       |       |       |     2 ||     2
 Stab: Sleeping          |     1 |       |       |       ||     1
       Held in net/web   |       |       |     1 |       ||     1
  Eat: Chunk             |     1 |    11 |     9 |     4 ||    25
       Ration            |       |       |     1 |     1 ||     2
Armor: Leather armour    |    27 |       |       |       ||    27
       Chain mail        |       |   122 |   110 |    15 ||   247
       Troll leather arm |       |       |       |    21 ||    21
       Skin              |       |       |       |     1 ||     1
Dodge: Dodged            |    85 |    82 |    95 |   143 ||   405
Block: Other             |       |       |    14 |    34 ||    48
